 Dungeon Crawl Stone Soup version 0.14-a0-181-gf6fe0c6 (webtiles) character file.

15896 Malachi the Hoplite (level 11, 0/96 HPs)
             Began as a Deep Dwarf Fighter on Oct 7, 2013.
             Was a High Priest of Makhleb.
             Killed by divine providence
             ... invoked by a smoke demon
             ... summoned by a silver statue
              (14 damage)
             ... while paralysed
             ... on Level 12 of the Dungeon.
             The game lasted 00:42:07 (12021 turns).

Malachi the Hoplite (Deep Dwarf Fighter)           Turns: 12021, Time: 00:42:08

HP   0/96        AC 27     Str 23      XL: 11   Next: 96%
MP  18/18        EV  2     Int  9      God: Makhleb [*****.]
Gold 884         SH  0     Dex 12      Spells:  0 memorised, 10 levels left

Res.Fire  : . . .   See Invis. : .   h - +3,+2 flail (crush)
Res.Cold  : . . .   Warding    : .   K - +1 orc plate armour
Life Prot.: . . .   Conserve   : +   G - +1 dwarf shield {AC+3}
Res.Poison: .       Res.Corr.  : +   J - +0 helmet
Res.Elec. : .       Clarity    : .   Y - +0 cloak {rCorr, Cons}
Sust.Abil.: . .     Spirit.Shd : .   C - +2 pair of elf gauntlets
Res.Mut.  : .       Stasis     : .   F - +0 pair of boots
Res.Rott. : .       Flight     : .   p - amulet of rage
Saprovore : . . .                    u - +3 ring of protection
                                     E - ring of sustenance

@: paralysed, non-regenerating, exhausted, mildly poisoned, slowed, weakened,
quite resistant to hostile enchantments, extremely unstealthy
A: damage resistance, recharge devices, sense surroundings 2, slow healing 3
a: Device Recharging, Minor Destruction, Lesser Servant of Makhleb, Major
Destruction, Greater Servant of Makhleb, Renounce Religion, Evoke Berserk Rage


You were on level 12 of the Dungeon.
You worshipped Makhleb.
Makhleb was extremely pleased with you.
You were hungry.

You visited 2 branches of the dungeon, and saw 13 of its levels.
You also visited: Sewer.

You collected 864 gold pieces.

Inventory:

Hand weapons
 a - a +0,+0 dwarven mace
 h - a +3,+2 flail of crushing (weapon)
 i - a +1,-1 mace of holy wrath
 L - a +0,+1 dwarven morningstar
 N - a +0,+1 whip of electrocution
Missiles
 l - 7 needles of frenzy
Armour
 m - a +0 large shield
 C - a +2 pair of elven gauntlets (worn)
 F - a +0 pair of boots (worn)
 G - a +1 dwarven shield of protection (worn)
 J - a +0 helmet (worn)
 K - a +1 orcish plate armour (worn)
 Y - a +0 cloak of preservation (worn)
Magical devices
 d - a wand of heal wounds (4)
 P - a wand of draining (7)
 T - a wand of paralysis (9)
 X - a wand of fireball (5)
Comestibles
 f - 7 bread rations
 o - 2 chokos
 t - 4 meat rations
 O - a slice of pizza
 U - a grape
 V - 2 sultanas
 W - 4 honeycombs
Scrolls
 j - 10 scrolls of remove curse
 q - 3 scrolls of enchant weapon II
 r - 2 scrolls of teleportation
 v - 3 scrolls of identify
 z - 3 scrolls of amnesia
 R - a scroll of fear
Jewellery
 k - an uncursed ring of positive energy
 p - an amulet of rage (around neck)
 u - a +3 ring of protection (right hand)
 y - an uncursed ring of teleportation
 A - an uncursed ring of poison resistance
 E - a ring of sustenance (left hand)
 H - a +4 ring of dexterity
Potions
 e - 6 potions of agility
 g - 2 potions of curing
 n - 2 potions of flight
 s - 7 potions of might
 B - a potion of brilliance
 Q - 2 potions of speed
Books
 w - a book of Callings

   Spells                             Type                      Level
   Summon Small Mammal                Summoning                    1
   Call Imp                           Summoning                    2
   Call Canine Familiar               Summoning                    3
   Summon Scorpions                   Summoning/Poison             4
   Summon Ice Beast                   Ice/Summoning                4
Magical staves
 b - an uncursed staff of air


   Skills:
 + Level 5.8 Fighting
 * Level 10.1 Maces & Flails
 + Level 0.5 Throwing
 + Level 7.6 Armour
 + Level 6.7 Dodging
 + Level 2.9 Stealth
 * Level 12.8 Shields
 * Level 8.2 Evocations


You had 10 spell levels left.
You didn't know any spells.

Dungeon Overview and Level Annotations

Branches:
Dungeon (12/27)            Temple (1/1) D:7             Orc (0/4) D:7
   Lair (0/8) D:12

Altars:
Ashenzari
Cheibriados
Elyvilon
Fedhas
Kikubaaqudgha
Makhleb
Nemelex Xobeh
Okawaru
Sif Muna
Trog
Vehumet
Xom
Yredelemnul
Zin
the Shining One

Shops:
D:8 +

Annotations:
D:4 Mandevil's ghost, average TrWn


Innate Abilities, Weirdness & Mutations

You are resistant to damage.
You can recharge devices by infusing magical energy.
You passively map the area around you.
You do not heal naturally.


Message History

You thump the lemure!
You kill the lemure!
The smoke demon gestures at you. Something smites you!
* * * LOW HITPOINT WARNING * * *
The crimson imp blinks!
You completely miss the smoke demon. You block the smoke demon's attack.
The smoke demon barely misses you.
The smoke demon hits you but does no damage.
You hit the smoke demon.
The smoke demon is lightly wounded.
You are no longer berserk.
You pass out from exhaustion.
You feel yourself slow down.
You are feeling hungry.
You feel a little better.
The crimson imp blinks!
The smoke demon gestures at you. Something smites you!
You die...

* #.#........... ,.
#.#.###.##.... #..#
#.#........... #..##
#.#####.##.... #!..#
#.#####....... #...##
#.##.......... #....###
#.##.......#.#
#......####.##....^.....
#.....3@..#..'.........#
#.....ยง#####.#.......#.#
#....### #.#.......#.#
#...## #.#########.#
#.5.# #.# #.# #..## #.#
#.# #..# #.# ### #..# #.#
#..#########.#


You could see a smoke demon and a crimson imp.

Vanquished Creatures
  Gastronok (D:9)
  Harold (D:12)
  Josephine (D:11)
  Nergalle (D:12)
  3 hill giants
  Pikel (D:9)
  Maurice (D:11)
  A queen ant (D:8)
  An orange demon (D:12)
  A red devil (D:12)
  A troll (D:9)
  A griffon zombie (D:11)
  A trapdoor spider (D:9)
  5 yaks (D:12)
  A wraith (D:10)
  2 shadows (D:11)
  Eustachio (D:7)
  2 hippogriffs
  Grum (D:8)
  A hungry ghost (D:9)
  2 wolves (D:8)
  2 necrophages
  A spriggan skeleton (D:9)
  A manticore (D:9)
  5 soldier ants (D:8)
  6 orc warriors
  3 ice beasts
  2 slaves (D:9)
  A swamp drake (D:7)
  2 ogres
  A phantom (D:9)
  2 sky beasts
  A black bear (D:7)
  2 yellow wasps
  Sigmund (D:7)
  A crocodile (D:10)
  4 big kobolds
  2 centaurs
  A silver statue (D:12)
  A gnoll sergeant (D:8)
  6 giant frogs
  A wyvern zombie (D:8)
  A cyclops zombie (D:10)
  A giant goldfish zombie (D:9)
  A yak skeleton (D:11)
  A giant frog zombie (D:11)
  3 goliath beetles (D:6)
  4 crimson imps
  11 hounds
  A jelly (D:6)
  A centaur skeleton (D:9)
  3 quasits
  5 orc priests (D:7)
  5 orc wizards
  A scorpion (D:12)
  An iguana (D:12)
  28 worker ants
  An ogre zombie (D:9)
  A centaur simulacrum (D:11)
  A giant frog simulacrum (D:11)
  A brain worm zombie (D:11)
  A hound zombie (D:9)
  Terence (D:3)
  A big fish zombie (D:9)
  6 gnolls (D:6)
  20 adders
  2 giant centipedes
  2 lemures (D:12)
  2 shadow imps
  3 green rats (Sewer)
  A worm zombie (D:6)
  3 giant mites (D:5)
  A white imp (D:7)
  7 worms
  An iguana zombie (D:10)
  A giant centipede zombie (D:12)
  18 grey rats
  5 giant eyeballs
  8 giant geckos
  3 oozes
  45 orcs
  8 ball pythons
  19 bats
  11 goblins
  12 hobgoblins
  4 jackals (D:3)
  28 kobolds
  5 giant cockroaches
  6 giant newts
  10 quokkas
  A quokka skeleton (D:5)
  24 rats
  4 spectral orcs (D:12)
  5 ballistomycetes
415 creatures vanquished.

Vanquished Creatures (others)
  A hill giant skeleton (D:12)
  A gnoll sergeant (D:6)
  3 electric eels (D:9)
  5 giant spores
  A ballistomycete (D:9)
11 creatures vanquished.

Grand Total: 426 creatures vanquished

Notes
Turn   | Place    | Note
--------------------------------------------------------------
     0 | D:1      | Malachi, the Deep Dwarf Fighter, began the quest for the Orb.
     0 | D:1      | Reached XP level 1. HP: 21/21 MP: 0/0
   225 | D:1      | Reached XP level 2. HP: 28/28 MP: 1/1
   722 | D:2      | Found a glowing golden altar of the Shining One.
   864 | D:2      | Reached XP level 3. HP: 27/36 MP: 2/2
   889 | D:2      | Reached skill level 1 in Stealth
  1099 | D:2      | Found a shimmering altar of Xom.
  1415 | D:3      | Noticed Terence
  1439 | D:3      | Killed Terence
  1528 | D:3      | Reached XP level 4. HP: 39/43 MP: 3/3
  1535 | D:3      | Reached skill level 1 in Dodging
  2044 | D:3      | Reached skill level 4 in Shields
  2921 | D:4      | Paralysed by a giant eyeball for 4 turns
  2932 | D:4      | Paralysed by a giant eyeball for 3 turns
  2940 | D:4      | Paralysed by a giant eyeball for 3 turns
  2950 | D:4      | Noticed Mandevil's ghost (average TrWn)
  2962 | D:4      | Paralysed by a giant eyeball for 4 turns
  2984 | D:3      | Reached XP level 5. HP: 19/49 MP: 4/4
  3560 | D:5      | Entered Level 5 of the Dungeon
  3862 | D:5      | Noticed an ice beast
  3879 | D:5      | Killed an ice beast
  3879 | D:5      | Reached XP level 6. HP: 37/57 MP: 5/5
  3885 | D:5      | Paralysed by a giant eyeball for 4 turns
  3957 | D:5      | Found a snail-covered altar of Cheibriados.
  4306 | D:5      | Found a glowing drain.
  4327 | Sewer    | Entered a sewer
  4811 | Sewer    | Reached skill level 5 in Shields
  4833 | Sewer    | Reached XP level 7. HP: 46/64 MP: 6/6
  5432 | D:6      | Reached skill level 6 in Shields
  5466 | D:6      | Found a bloodstained altar of Trog.
  5466 | D:6      | Found a white marble altar of Elyvilon.
  5466 | D:6      | Found a blossoming altar of Fedhas.
  5604 | D:6      | Reached skill level 5 in Armour
  5608 | D:6      | Reached XP level 8. HP: 20/73 MP: 7/7
  5943 | D:7      | Noticed Sigmund
  5992 | D:7      | HP: 4/109 [goliath beetle (12)]
  6094 | D:7      | Killed Sigmund
  6094 | D:7      | Reached skill level 5 in Maces & Flails
  6096 | D:7      | Reached skill level 7 in Shields
  6177 | D:7      | Reached skill level 1 in Evocations
  6218 | D:7      | Found a blossoming altar of Fedhas.
  6228 | D:7      | Noticed Eustachio
  6240 | D:7      | Killed Eustachio
  6344 | D:7      | Found a staircase to the Ecumenical Temple.
  6354 | Temple   | Entered the Ecumenical Temple
  6553 | Temple   | Became a worshipper of Makhleb the Destroyer
  6585 | D:7      | Identified a scroll of acquirement
  6673 | D:7      | Reached skill level 5 in Dodging
  6750 | D:7      | Reached skill level 8 in Shields
  6898 | D:7      | Acquired Makhleb's first power
  6904 | D:7      | Found an iron altar of Okawaru.
  6965 | D:7      | Gained mutation: You passively map the area around you. [level up]
  6965 | D:7      | Reached XP level 9. HP: 20/79 MP: 8/8
  7010 | D:7      | Found a staircase to the Orcish Mines.
  7101 | D:7      | HP: 3/79 [orc priest/divine providence (12)]
  7465 | D:8      | Acquired Makhleb's second power
  7528 | D:8      | Reached skill level 9 in Shields
  7654 | D:8      | Noticed Grum
  7666 | D:8      | Killed Grum
  7759 | D:8      | Found Atsympus' Book Emporium.
  7930 | D:8      | Noticed a queen ant
  7953 | D:8      | Killed a queen ant
  8138 | D:8      | Reached XP level 10. HP: 55/88 MP: 11/13
  8154 | D:8      | Reached skill level 10 in Shields
  8174 | D:8      | Acquired Makhleb's third power
  8558 | D:9      | Paralysed by a giant eyeball for 3 turns
  8564 | D:9      | Paralysed by a giant eyeball for 2 turns
  8567 | D:9      | Paralysed by a giant eyeball for 3 turns
  8571 | D:9      | Paralysed by a giant eyeball for 4 turns
  8603 | D:9      | Paralysed by a giant eyeball for 3 turns
  8654 | D:9      | Reached skill level 5 in Fighting
  8658 | D:9      | HP: 1/88 [spore (22)]
  8776 | D:9      | Noticed Gastronok
  8803 | D:9      | Killed Gastronok
  8803 | D:9      | Reached skill level 5 in Evocations
  8888 | D:10     | Entered Level 10 of the Dungeon
  8900 | D:10     | Acquired Makhleb's fourth power
  8963 | D:10     | Reached skill level 11 in Shields
  9153 | D:10     | Noticed a hill giant
  9164 | D:10     | Killed a hill giant
  9573 | D:10     | Reached XP level 11. HP: 92/96 MP: 17/17
  9762 | D:9      | Paralysed by a giant eyeball for 2 turns
  9770 | D:9      | Acquired Makhleb's fifth power
 10073 | D:9      | Noticed Pikel
 10106 | D:9      | Killed Pikel
 10177 | D:9      | Found a basalt altar of Yredelemnul.
 10432 | D:11     | Noticed a hill giant
 10457 | D:11     | Killed a hill giant
 10663 | D:11     | Noticed Josephine
 10675 | D:11     | Paralysed by Josephine for 5 turns
 10698 | D:11     | Killed Josephine
 10698 | D:11     | Reached skill level 12 in Shields
 10910 | D:11     | Noticed Maurice
 10931 | D:11     | Killed Maurice
 10937 | D:11     | Identified a +0 cloak of preservation (You took it off Maurice on level 11 of the Dungeon)
 11175 | D:11     | Noticed a hill giant
 11187 | D:11     | Killed a hill giant
 11239 | D:12     | Noticed Nergalle
 11289 | D:12     | Killed Nergalle
 11333 | D:12     | Reached skill level 10 in Maces & Flails
 11533 | D:12     | Noticed Harold
 11557 | D:12     | Killed Harold
 11604 | D:12     | Found a staircase to the Lair.
 12021 | D:12     | Killed from afar by a smoke demon

Action                   |  1- 3 |  4- 6 |  7- 9 | 10-12 || total
-------------------------+-------+-------+-------+-------++-------
Melee: Mace              |   153 |   423 |    71 |       ||   647
       Flail             |       |       |   221 |   417 ||   638
       Morningstar       |       |       |   212 |       ||   212
       Whip              |       |       |       |   391 ||   391
Throw: Tomahawk          |       |       |       |     5 ||     5
Invok: Minor Destruction |       |       |       |     2 ||     2
 Abil: Evoke Berserk Rag |       |     4 |    13 |     5 ||    22
       Device Recharging |       |       |     2 |     2 ||     4
Evoke: Wand              |     1 |     4 |     7 |    10 ||    22
  Use: Scroll            |       |    17 |    10 |     5 ||    32
       Potion            |       |     4 |     6 |     5 ||    15
 Stab: Invisible         |       |       |       |     4 ||     4
